 Dungeon Sprint DCSS version 0.30.1-11-g7821555f0a (webtiles) character file.

Game seed: 10087016337543546617

1863 Heoruswealwe the Impaler (level 8, -1/85 HPs)
             Began as a Minotaur Fighter on Jan 4, 2024.
             Was an Initiate of Gozag.
             Slain by a tengu warrior
             ... wielding a +0 great mace
              (6 damage)
             ... in the Dungeon (Sprint IX: "|||||||||||||||||||||||||||||").
             The game lasted 00:04:25 (405 turns).

Heoruswealwe the Impaler (Minotaur Fighter)          Turns: 405, Time: 00:04:30

Health: -1/85      AC: 20    Str: 27    XL:     8   Next: 90%
Magic:  7/7        EV:  8    Int:  5    God:    Gozag
Gold:   981        SH:  0    Dex:  9    Spells: 7/7 levels left

rFire   . . .        b - +2 halberd (venom)
rCold   . . .        (shield currently unavailable)
rNeg    . . .        c - +0 plate armour
rPois   .            (helmet restricted)
rElec   .            h - +0 cloak
rCorr   .            (no gloves)
SInv    .            e - +0 pair of boots
Will    .....        (no amulet) Stlth
                     k - +3 ring of strength
HPRegen 0.34/turn    j - +2 ring of protection
MPRegen 0.10/turn

%: no teleportation
@: no status effects
A: horns 2, retaliatory headbutt
a: Renounce Religion, Potion Petition, Call Merchant, Bribe Branch


You were in the Dungeon.
You worshipped Gozag.
Gozag was pleased with you.
You visited 1 branch You collected 981 gold pieces.

Inventory:

Hand Weapons
 a - a +0 trident
 b - a +2 halberd of venom (weapon)
Armour
 c - a +0 plate armour (worn)
 d - a +0 buckler
 e - a +0 pair of boots (worn)
 h - a +0 cloak (worn)
Jewellery
 j - a +2 ring of protection (right hand)
 k - a +3 ring of strength (left hand)
Wands
 o - a wand of light (10)
Scrolls
 m - a scroll of blinking
Potions
 f - 2 potions of curing
 g - a potion of haste
 i - a potion of berserk rage
 n - a potion of might


   Skills:
 + Level 12.5 Fighting
 * Level 16.7 Polearms
 + Level 12.5 Armour
 - Level 3.6 Shields


You had 7 spell levels left.
You didn't know any spells.
Your spell library was empty.

Dungeon Overview and Level Annotations

Branches:
Dungeon (1/1)

Altars:
Cheibriados
Dithmenos
Elyvilon
Fedhas
Gozag
Hepliaklqana
Kikubaaqudgha
Makhleb
Nemelex Xobeh
Okawaru
Qazlal
Ru
Sif Muna
Trog
Uskayaw
Vehumet
Wu Jian
Xom
Yredelemnul
Zin
The Shining One
Jiyva
Lugonu


Innate Abilities, Weirdness & Mutations

You have a pair of horns on your head.
You reflexively headbutt those who attack you in melee.


Message History

The tengu warrior looks as sick as possible!
You headbutt the tengu warrior!
The tengu warrior is heavily wounded.
You closely miss the tengu warrior.
The tengu warrior is heavily wounded.
The tengu warrior barely misses you. The tengu warrior pecks you.
The tengu warrior claws you but does no damage.
You closely miss the tengu warrior.
The tengu warrior is heavily wounded.
The tengu warrior hits you but does no damage.
The tengu warrior pecks you but does no damage.
The tengu warrior claws you but does no damage.
You closely miss the tengu warrior. Your headbutt misses the tengu warrior.
The tengu warrior is heavily wounded.
You closely miss the tengu warrior.
The tengu warrior is heavily wounded.
The tengu warrior hits you with a +0 great mace!!
* * * LOW HITPOINT WARNING * * *
The tengu warrior pecks you but does no damage.
The tengu warrior claws you but does no damage.
You feel better.
The tengu warrior hits you with a +0 great mace.
* * * LOW HITPOINT WARNING * * *
The tengu warrior pecks you but does no damage.
The tengu warrior claws you but does no damage.
You puncture the tengu warrior!
The tengu warrior looks as sick as possible!
The tengu warrior is almost dead.
The tengu warrior hits you with a +0 great mace!
* * * LOW HITPOINT WARNING * * *
The tengu warrior pecks you but does no damage.
The tengu warrior claws you.
* * * LOW HITPOINT WARNING * * *
You feel better.
The tengu warrior hits you with a +0 great mace.
* * * LOW HITPOINT WARNING * * *
The tengu warrior pecks you but does no damage.
The tengu warrior claws you.
You die...
Your body crumbles into a pile of gold.

▓.▓
▓.▓
▓.▓
▓{▓
▓c▓
▓c▓
▓Q▓
▓@▓
$
▓.▓
$
▓.▓
$ $
▓.▓
$
▓.▓
$
▓.▓
▓)▓
$
▓.▓
▓.▓
$


You could see a tengu warrior (extremely poisoned) and 2 centaur warriors.

Vanquished Creatures
  A manticore (D)
  A gargoyle (D)
  An unseen horror (D)
  4 yaks (D)
  A water moccasin (D)
  An orc warrior (D)
  An ogre (D)
  A scorpion (D)
  A gnoll bouda (D)
  An orc (D)
  A hobgoblin (D)
  A quokka (D)
  A kobold (D)
  2 rats (D)
18 creatures vanquished.

Notes
Turn   | Place    | Note
-------+----------+-------------------------------------------
     0 | D        | Heoruswealwe the Minotaur Fighter began the quest for the
                  | Orb.
     0 | D        | Reached XP level 1. HP: 19/19 MP: 0/0
     8 | D        | Reached skill level 3 in Polearms
    20 | D        | Noticed a water moccasin
    20 | D        | Noticed a gnoll bouda
    20 | D        | Noticed a scorpion
    20 | D        | Noticed an ogre
    24 | D        | Found a snail-covered altar of Cheibriados.
    24 | D        | Found a shadowy altar of Dithmenos.
    24 | D        | Found a white marble altar of Elyvilon.
    24 | D        | Found a blossoming altar of Fedhas.
    24 | D        | Found an opulent altar of Gozag.
    25 | D        | Found a hazy altar of Hepliaklqana.
    26 | D        | Found a viscous altar of Jiyva.
    27 | D        | Found an ancient bone altar of Kikubaaqudgha.
    28 | D        | Found a corrupted altar of Lugonu.
    29 | D        | Found a burning altar of Makhleb.
    30 | D        | Found a sparkling altar of Nemelex Xobeh.
    31 | D        | Found an iron altar of Okawaru.
    32 | D        | Became a worshipper of Gozag Ym Sagoz the Greedy
    35 | D        | Reached skill level 4 in Polearms
    47 | D        | Killed a water moccasin
    48 | D        | Reached skill level 8 in Polearms
    48 | D        | Reached XP level 2. HP: 15/31 MP: 1/1
    48 | D        | Reached XP level 3. HP: 18/38 MP: 2/2
    48 | D        | Reached XP level 4. HP: 21/45 MP: 3/3
    56 | D        | Killed a scorpion
    57 | D        | Reached skill level 9 in Polearms
    57 | D        | Reached XP level 5. HP: 21/53 MP: 4/4
    60 | D        | Killed an ogre
    61 | D        | Reached skill level 10 in Polearms
    61 | D        | Reached XP level 6. HP: 12/62 MP: 5/5
    83 | D        | Found a stormy altar of Qazlal.
    84 | D        | Found a sacrificial altar of Ru.
    85 | D        | Found a shimmering blue altar of Sif Muna.
    86 | D        | Found a bloodstained altar of Trog.
    87 | D        | Found a hide-covered altar of Uskayaw.
    88 | D        | Found a radiant altar of Vehumet.
    89 | D        | Found an ornate altar of the Wu Jian Council.
    90 | D        | Found a shimmering altar of Xom.
    91 | D        | Found a basalt altar of Yredelemnul.
    92 | D        | Found a glowing silver altar of Zin.
    93 | D        | Found a glowing golden altar of the Shining One.
   229 | D        | Noticed a yak
   229 | D        | Noticed an orc warrior
   229 | D        | Noticed a yak
   229 | D        | Noticed a yak
   229 | D        | Noticed a yak
   237 | D        | Killed an unseen horror
   238 | D        | Reached skill level 13 in Polearms
   238 | D        | Reached XP level 7. HP: 45/71 MP: 6/6
   241 | D        | Killed a yak
   242 | D        | Reached skill level 10 in Fighting
   242 | D        | Reached skill level 10 in Armour
   246 | D        | Killed a yak
   247 | D        | Reached skill level 14 in Polearms
   248 | D        | Killed a yak
   251 | D        | Reached XP level 8. HP: 42/82 MP: 7/7
   255 | D        | Reached skill level 15 in Polearms
   371 | D        | Noticed a centaur warrior
   371 | D        | Noticed a centaur warrior
   371 | D        | Noticed a tengu warrior
   371 | D        | Noticed a manticore
   371 | D        | Noticed a gargoyle
   381 | D        | Killed a gargoyle
   382 | D        | Reached skill level 16 in Polearms
   385 | D        | Killed a manticore
   404 | D        | HP: 3/85 [tengu warrior/+0 great mace (10)]
   405 | D        | Slain by a tengu warrior

Illustrated notes

Levels and vault maps discovered:
D:        linesprint [early_d, line_temple, items_1, d_10, items_2, lair_1,
          lair_end, items_3, orc_1, orc_end, items_4, d_15, swamp_1, shoals_1,
          snake_1, spider_1, d_20, vaults_1, items_5, swamp_end, shoals_end,
          snake_end, spider_end, vaults_end, d_27, items_6, zot_1, zot_end,
          crypt_end, forest_end, elf_end, slime_end, tomb_end, abyss_end,
          pan_hell_end]

Skill      XL: |  1  2  3  4  5  6  7  8 |
---------------+-------------------------+-----
Polearms       | 8 9 10 13 14 16 | 16.7
Fighting       | 6 7 8 9 11 12 | 12.5
Armour         | 6 7 8 9 11 12 | 12.5
Shields        | |  3.6

Action                     |  1- 3 |  4- 6 |  7- 9 || total
---------------------------+-------+-------+-------++-------
  Melee: Trident           |    22 |    13 |       ||    35
         Headbutt          |     5 |     6 |     8 ||    19
         Halberd           |       |     8 |    47 ||    55
    Use: Potion            |     2 |       |     4 ||     6
         Scroll            |     1 |       |       ||     1
 Armour: Scale mail        |     8 |     1 |       ||     9
         Plate armour      |       |     6 |    30 ||    36
  Dodge: Dodged            |    15 |     3 |     7 ||    25
  Block: Buckler           |     2 |       |       ||     2
